 Dungeon Crawl Stone Soup version 0.29.0-13-gc9e81de378 (webtiles) character file.

Game seed: 14817554194412492845

22199 ragingrage the Nimble (level 12, -4/88 HPs)
             Began as an Octopode Cinder Acolyte on Sept 7, 2022.
             Was a High Priest of Ignis.
             Slain by a black mamba (16 damage)
             ... on level 2 of the Lair of Beasts.
             The game lasted 00:50:14 (24192 turns).

ragingrage the Nimble (Octopode Cinder Acolyte)    Turns: 24192, Time: 00:50:15

Health: -4/88      AC:  1    Str: 13    XL:     12   Next: 98%
Magic:  15/24      EV: 20    Int: 20    God:    Ignis [*****.]
Gold:   509        SH:  0    Dex: 11    Spells: 13/27 levels left

rFire   + . .      SeeInvis .   R - +3 spear (drain)
rCold   . . .      Faith    .   (no shield)
rNeg    . . .      Spirit   .   (helmet restricted)
rPois   +          Reflect  .   a - amulet of magic regeneration
rElec   .          Harm     .   e - ring of wizardry
rCorr   +          Rampage  .   n - ring of willpower
Will    ++...                   y - +4 ring of evasion
Stlth   ++........              D - ring "Luecvaez" {rPois rCorr Dex+2}
HPRegen 0.24/turn               L - ring of willpower
MPRegen 0.59/turn               (no ring)
                                (no ring)
                                (no ring)

@: no status effects
A: almost no armour, amphibious, 8 rings, camouflage 1, gelatinous body 1,
(nimble swimmer 1), tentacles
a: Renounce Religion, Fiery Armour, Foxfire Swarm, Rising Flame


You were on level 2 of the Lair of Beasts.
You worshipped Ignis.
Ignis was extremely pleased with you.
You visited 3 branches of the dungeon, and saw 16 of its levels.
You also visited: Sewer and Bailey.

You collected 1213 gold pieces.
You spent 704 gold pieces at shops.

Inventory:

Hand Weapons
 s - a +4 dagger
 J - a +4 scimitar of flaming
 P - a +0 mace of venom
 R - a +3 spear of draining (weapon)
Missiles
 f - 43 poisoned darts
 p - 8 atropa-tipped darts
 v - 10 javelins
 B - 8 curare-tipped darts
Jewellery
 a - an amulet of magic regeneration (around mantle)
 e - a ring of wizardry (left tentacle)
 n - a ring of willpower (right tentacle)
 y - a +4 ring of evasion (on tentacle)
 D - the ring "Luecvaez" (on tentacle) {rPois rCorr Dex+2}
   (You found it on level 3 of the Dungeon)

   [ring of poison resistance]

   Dex:       It affects your dexterity (+2).
   rPois:     It protects you from poison.
   rCorr:     It protects you from acid and corrosion.
 L - a ring of willpower (on tentacle)
 M - a ring of ice
Wands
 i - a wand of roots (3)
 r - a wand of charming (2)
 F - a wand of mindburst (9)
 H - a wand of acid (1)
 N - a wand of polymorph (4)
 Q - a wand of flame (26)
 T - a wand of digging (5)
Scrolls
 c - 2 scrolls of enchant armour
 d - 5 scrolls of teleportation
 k - 7 scrolls of enchant weapon
 q - 2 scrolls of amnesia
 A - 4 scrolls of fear
 I - 3 scrolls of magic mapping
 K - a scroll of butterflies
 O - a scroll of summoning
Potions
 b - a potion of flight
 g - 2 potions of magic
 h - 2 potions of mutation
 j - 6 potions of heal wounds
 l - 3 potions of lignification
 m - a potion of invisibility
 o - 3 potions of might
 u - a potion of resistance
 w - 5 potions of haste
 x - 9 potions of brilliance
 z - a potion of ambrosia
 C - 2 potions of cancellation
 E - 10 potions of curing
 G - a potion of attraction {unknown}
Miscellaneous
 t - a box of beasts (inert)


   Skills:
 + Level 10.3 Fighting
 - Level 3.0 Polearms
 + Level 10.4 Dodging
 + Level 8.4 Spellcasting
 + Level 9.4 Conjurations
 + Level 2.7 Translocations
 + Level 9.3 Fire Magic


You had 13 spell levels left.
You knew the following spells:

 Your Spells              Type           Power      Damage    Failure   Level
a - Scorch                Fire           90%        2d9       1%          2
b - Fulminant Prism       Conj/Hex       13%        3d9       4%          4
c - Flame Wave            Conj/Fire      46%        2d12      1%          4
d - Iskenderun's Mystic   Conj/Tloc      32%        2d8       2%          4

Your spell library contained the following spells:

 Spells                   Type           Power      Damage    Failure   Level
 Foxfire                  Conj/Fire      100%       2x1d9     1%          1
 Conjure Flame            Conj/Fire      46%        6-21      1%          3
 Dazzling Flash           Conj/Hex       54%        N/A       1%          3
 Inner Flame              Hex/Fire       27%        N/A       1%          3
 Gell's Gravitas          Tloc           19%        N/A       3%          3
 Teleport Other           Tloc           19%        N/A       3%          3
 Tukima's Dance           Hex            8%         N/A       10%         3
 Passage of Golubria      Tloc           19%        N/A       11%         4
 Starburst                Conj/Fire      23%        6d8       11%         6
 Lee's Rapid Deconstruct  Erth           4%         3d6*      63%         5
 Yara's Violent Unravell  Hex/Tmut       4%         3d4       63%         5
 Dispersal                Tloc           9%         N/A       82%         6
 Malign Gateway           Summ/Tloc      6%         N/A       100%        7
 Summon Horrible Things   Summ           4%         N/A       100%        8


Dungeon Overview and Level Annotations

Branches:
Dungeon (12/15)            Temple (1/1) D:4            Lair (3/5) D:9
  Swamp (0/4) Lair:2       Spider (0/4) Lair:3          Orc (0/2) D:11
  Sewer (visited)          Bailey (visited)

Altars:
Elyvilon
Fedhas
Kikubaaqudgha
Makhleb
Nemelex Xobeh
Okawaru
Qazlal
Ru
Uskayaw
Vehumet
Lugonu

Shops:
D:1 [   D:4 (   D:6 *?==!   D:9 ?   D:11 *

Portals:
Abyss: D:12

Annotations:
D:2 1 runed translucent door, Crazy Yiuf
D:7 exclusion: downstairs
D:9 exclusion: 2 downstairs
D:10 2 runed translucent doors
Lair:2 exclusion: downstairs
Lair:3 Kirke


Innate Abilities, Weirdness & Mutations

You cannot wear most types of armour.
You are amphibious.
You can wear up to eight rings at the same time.
Your skin changes colour to match your surroundings (Stealth+).
Your rubbery body absorbs attacks. (AC +1, EV +1)
((You are camouflaged when in or above water. (Stealth+)))
You have tentacles for arms and can constrict up to eight enemies at once.


Message History

You kill the hornet!
The flame wave engulfs the killer bee!
You kill the killer bee!
The flame wave engulfs the fungus!
The fungus is lightly damaged.
The flame wave engulfs the fungus!
The fungus begins to die.
The fungus is lightly damaged.
You finish channelling waves of flame.
You hear an angry hiss.
You hear a loud, deep croak!
The meliai invokes the aid of its god against you.
Something smites you! The black mamba barely misses you.
The black mamba bites you! The black mamba misses you.
The meliai calls down the wrath of its god upon you.
Something smites you! The black mamba bites you!
* * * LOW HITPOINT WARNING * * *
You climb upwards.
Level annotation: exclusion: downstairs
There is a stone staircase leading down here.
Casting: Flame Wave (mildly dangerous; 1% risk of failure)
Confirm with . or Enter, or press ? or * to list all spells.
Aiming: Fulminant Prism (dangerous; 4% risk of failure)
Press: ? - help, Dir - move target, f - black mamba
Aim: a black mamba (heavily wounded)
Okay, then.
Casting: Fulminant Prism (dangerous; 4% risk of failure)
Confirm with . or Enter, or press ? or * to list all spells.
Flames lash the black mamba.
The black mamba is severely wounded.
The black mamba's fire resistance burns away.
The black mamba closely misses you. The black mamba bites you!
* * * LOW HITPOINT WARNING * * *
Casting: Scorch (safe; 1% risk of failure)
Confirm with . or Enter, or press ? or * to list all spells.
Flames lash the black mamba.
The black mamba is burned terribly!
The black mamba is almost dead.
The black mamba bites you.
* * * LOW HITPOINT WARNING * * *
The black mamba bites you!
You die...

#..........#...........#
#....#P.#..#...........#
#P.....................## #
#....P....##............#
#####.......#..............#
##.##.#.....P..P...........#
#..#..#....................#
......#..#.....P...........#
..^......#..P..#@S........##
......#..P.......#[#P.P....#
......#........#.#######..##
............#..+.# ##..#
......####....#..# #...##
.................# ##...#
#................# #....##
#....#.P##..##...## #...#.#
P...##P######P....# #...###


You could see a black mamba (combustible).

Vanquished Creatures
  3 boulder beetles
  A hydra (Lair:1)
  Erica (D:10)
  3 two-headed ogres
  Pikel (D:8)
  A deep elf pyromancer (D:12)
  An orc knight (Bailey)
  2 cyclopes
  2 cane toads
  A kobold demonologist (D:11)
  An unseen horror (D:10)
  4 komodo dragons
  4 trolls
  A polar bear (Lair:1)
  A hornet (Lair:3)
  A wyvern (Lair:2)
  18 yaks
  A wraith (D:10)
  9 vampire mosquitoes
  3 steam dragons
  An acid dragon (D:9)
  7 water moccasins
  Duvessa (D:4)
  An ice beast (D:7)
  2 sky beasts
  10 orc warriors
  A black bear (D:5)
  6 ogres
  8 centaurs
  A lemure (D:9)
  4 gnoll sergeants (D:11)
  10 bullfrogs
  9 kobold brigands
  2 scorpions
  3 necrophages
  4 wights
  Dowan (D:4)
  6 killer bees
  6 electric eels (D:11)
  2 howler monkeys (D:6)
  A lava snake (Lair:3)
  2 gnoll boudas
  A jelly (D:4)
  A hound (D:5)
  Ijyb (D:4)
  9 orc priests
  Terence (D:2)
  An iguana (D:4)
  11 orc wizards
  24 gnolls
  9 adders
  A shadow imp (D:5)
  An ufetubus (D:6)
  3 worms
  A dart slug (D:4)
  39 orcs
  5 ball pythons
  7 bats
  12 endoplasms
  8 giant cockroaches
  12 goblins
  7 hobgoblins
  19 kobolds
  3 quokkas
  4 frilled lizards
  10 rats
  A lurking horror (D:12)
338 creatures vanquished.

Vanquished Creatures (collateral kills)
  A deep elf zephyrmancer (Bailey)
  An orc (D:7)
2 creatures vanquished.

Vanquished Creatures (others)
  A water elemental (D:10)
  2 lemures (D:9)
  2 wights (D:7)
  35 fulminant prisms
  11 fungi
  13 plants
  A withered plant (D:3)
65 creatures vanquished.

Grand Total: 405 creatures vanquished

Notes
Turn   | Place    | Note
-------+----------+-------------------------------------------
     0 | D:1      | ragingrage the Octopode Cinder Acolyte began the quest for
                  | the Orb.
     0 | D:1      | Reached XP level 1. HP: 16/16 MP: 2/2
   277 | D:1      | Found Peaw's Armour Boutique.
   316 | D:1      | Reached XP level 2. HP: 19/21 MP: 4/4
   355 | D:1      | You fall into a shaft and drop 1 floor!
   445 | D:2      | Learned a level 2 spell: Scorch
   898 | D:1      | Reached XP level 3. HP: 26/26 MP: 2/5
  1257 | D:2      | Noticed Terence
  1270 | D:2      | Killed Terence
  1350 | D:2      | Reached XP level 4. HP: 23/31 MP: 2/7
  2306 | D:2      | Reached XP level 5. HP: 36/36 MP: 6/9
  2951 | D:2      | Found a runed translucent door.
  2952 | D:2      | Noticed Crazy Yiuf
  3483 | D:3      | Found a faded altar of an unknown god.
  3549 | D:3      | Found a glowing drain.
  3584 | Sewer    | Entered a sewer
  3808 | Sewer    | Noticed a kobold brigand
  3850 | Sewer    | Killed a kobold brigand
  3851 | Sewer    | Reached skill level 5 in Fire Magic
  3851 | Sewer    | Reached XP level 6. HP: 39/42 MP: 6/11
  4455 | Sewer    | Reached XP level 7. HP: 29/46 MP: 3/14
  4841 | Sewer    | Reached skill level 5 in Spellcasting
  5091 | D:3      | Identified the ring "Luecvaez" {rPois rCorr Dex+2}
  5438 | D:3      | Found a blossoming altar of Fedhas.
  5443 | D:3      | Found an ancient bone altar of Kikubaaqudgha.
  6065 | D:4      | Reached skill level 1 in Dodging
  6095 | D:4      | Reached XP level 8. HP: 44/52 MP: 4/15
  6212 | D:4      | Found a radiant altar of Vehumet.
  6212 | D:4      | Noticed Ijyb
  6220 | D:4      | Killed Ijyb
  6471 | D:4      | Found Losaicaj's Weapon Shoppe.
  6748 | D:4      | Noticed Dowan
  6749 | D:4      | Noticed Duvessa
  6801 | D:4      | Killed Duvessa
  7040 | D:4      | Killed Dowan
  7149 | D:4      | Found a staircase to the Ecumenical Temple.
  7158 | Temple   | Entered the Ecumenical Temple
  7241 | D:5      | Entered Level 5 of the Dungeon
  8587 | D:5      | Reached skill level 5 in Fighting
  8695 | D:5      | Reached XP level 9. HP: 61/61 MP: 11/18
 10092 | D:6      | Reached skill level 5 in Dodging
 10515 | D:6      | Found Odism's Distillery.
 10520 | D:6      | Bought a potion of curing for 36 gold pieces
 10520 | D:6      | Bought a potion of magic for 96 gold pieces
 10520 | D:6      | Bought a potion of mutation for 96 gold pieces
 10541 | D:6      | Found Necui's Jewellery Shop.
 10549 | D:6      | Found Soteurph's Jewellery Shoppe.
 10607 | D:6      | Found Lot Eheu's Magic Scroll Emporium.
 10668 | D:6      | Found Feuv's General Store.
 11555 | D:7      | Reached XP level 10. HP: 69/69 MP: 12/21
 11673 | D:7      | Learned a level 4 spell: Fulminant Prism
 11956 | D:8      | Noticed a two-headed ogre
 12263 | D:8      | Killed a two-headed ogre
 12264 | D:8      | Reached skill level 1 in Conjurations
 13270 | D:9      | Found a flagged portal.
 13270 | D:9      | Noticed Pikel
 13276 | D:9      | Noticed a two-headed ogre
 13357 | D:8      | Killed Pikel
 13477 | Bailey   | Entered a bailey
 13916 | Bailey   | Found a large runed translucent door.
 13916 | Bailey   | Found a large runed translucent door.
 13917 | Bailey   | Noticed an orc knight
 13917 | Bailey   | Noticed a deep elf zephyrmancer
 13946 | Bailey   | Killed an orc knight
 14125 | Bailey   | Killed a deep elf zephyrmancer
 14405 | D:9      | Reached XP level 11. HP: 73/77 MP: 14/23
 14513 | D:9      | Found a staircase to the Lair.
 14566 | D:9      | Killed a two-headed ogre
 14627 | D:6      | Bought an amulet of magic regeneration for 360 gold pieces
 15436 | D:9      | Reached skill level 5 in Conjurations
 15524 | D:9      | Found Vedwuub's Magic Scroll Shop.
 15637 | D:9      | Found a stormy altar of Qazlal.
 15686 | D:10     | Entered Level 10 of the Dungeon
 15803 | D:10     | Noticed Erica
 15811 | D:10     | Killed Erica
 15957 | D:10     | Found a hide-covered altar of Uskayaw.
 15960 | D:10     | Noticed a +0 hand axe
 15960 | D:10     | Noticed a +0 dagger
 17627 | D:10     | Found a large runed translucent door.
 17627 | D:10     | Found a large runed translucent door.
 17729 | D:10     | Found a sparkling altar of Nemelex Xobeh.
 17876 | D:11     | Noticed a cyclops
 17876 | D:11     | Noticed a boulder beetle
 17921 | D:11     | Killed a cyclops
 18018 | D:11     | Learned a level 4 spell: Flame Wave
 18348 | D:11     | Noticed a boulder beetle
 19000 | D:11     | Found Xint's Assorted Antiques.
 19015 | D:11     | Killed a boulder beetle
 19041 | D:11     | Bought an encrusted bronze wand for 116 gold pieces
 19484 | D:11     | Reached XP level 12. HP: 36/87 MP: 13/24
 20024 | D:11     | Learned a level 4 spell: Iskenderun's Mystic Blast
 20188 | D:11     | Killed a boulder beetle
 20189 | D:11     | Reached skill level 10 in Fighting
 20313 | D:11     | Found a staircase to the Orcish Mines.
 20577 | D:12     | Found a one-way gate to the infinite horrors of the Abyss.
 20578 | D:12     | Found a corrupted altar of Lugonu.
 20990 | D:12     | Noticed a boulder beetle
 20995 | D:12     | Noticed a two-headed ogre
 20998 | D:12     | Killed a boulder beetle
 21019 | D:12     | Killed a two-headed ogre
 21020 | D:12     | Reached skill level 10 in Dodging
 21917 | Lair:1   | Entered Level 1 of the Lair of Beasts
 21978 | Lair:1   | Reached skill level 1 in Translocations
 22368 | Lair:1   | Noticed a six-headed hydra
 22377 | Lair:1   | Killed a six-headed hydra
 23744 | Lair:2   | Found a staircase to the Swamp.
 24161 | Lair:3   | Noticed Kirke
 24184 | Lair:3   | Found a hole to the Spider Nest.
 24192 | Lair:2   | Slain by a black mamba

Illustrated notes

Levels and vault maps discovered:
D:1:      dpeg_arrival_leaves_temple_mockup, layout_basic, serial_shops,
          nicolae_shop_stone, moated_statue, lemuel_old_faithful
D:2:      layout_loops_cross, uniq_terence, uniq_crazy_yiuf_cottage
D:3:      layout_basic, grunt_temple_overflow_growth_and_decay,
          shapermc_ecumenical_altar_hornbeckon, gup_sewer_entry_pipe,
          kennysheep_decorative_pillar, nicolae_concentric_dashed_squares_mild
D:4:      layout_loops_ring, amcnicky_altar_gilded, temple_hall, serial_shops,
          nicolae_shop_crystal, minmay_misc_feat_rugged,
          hangedman_decor_diamond_cutter, uniq_ijyb, uniq_duvessa
D:5:      layout_basic, minmay_misc_feat_plants
D:6:      layout_cave_pools, serial_shops, shop, shop_fountains,
          kennysheep_little_box, nicolae_shop_stone, shop, chequers_garden,
          kennysheep_generic_room_5
D:7:      layout_loops_ring
D:8:      layout_basic
D:9:      layout_rooms, lemuel_round_altar, dpeg_oklobed_lair, serial_shops,
          shop, enter_bailey_7, uniq_pikel
D:10:     layout_rooms, dancing_weapons_uskayaw, mainiacjoe_overflow_alcove_1,
          lightli_elemental_guards, uniq_erica
D:11:     layout_basic, kennysheep_orc_monster_closet_entryway, serial_shops,
          kennysheep_mini
D:12:     layout_layer_cave, special_room [special_room_orc],
          amcnicky_altar_lugonu_corruption
Temple:   nicolae_temple_bog_church
Lair:1:   layout_cave_pods
Lair:2:   layout_chaotic_city, swamp_mist, lemuel_fruit_tree,
          infiniplex_staircase_pool
Lair:3:   layout_chaotic_city, hellmonk_spider_entry_not_the_bees, uniq_fannar,
          uniq_kirke

Skill      XL: |  1  2  3  4  5  6  7  8  9 10 11 12 |
---------------+-------------------------------------+-----
Spellcasting   | 2 3 4 5 6 7 8 |  8.4
Fire Magic     | 4 5 6 7 9 |  9.3
Dodging        | 1 4 5 7 9 10 | 10.4
Fighting       | 5 6 8 9 10 | 10.3
Conjurations   | 4 6 9 |  9.4
Translocations | 2 |  2.7
Polearms       | |  3.0

Action                   |  1- 3 |  4- 6 |  7- 9 | 10-12 || total
-------------------------+-------+-------+-------+-------++-------
Melee: Spear             |    34 |    28 |    26 |    18 ||   106
       Constrict         |     5 |     6 |     6 |     3 ||    20
       Tentacles         |     5 |     4 |     6 |     2 ||    17
       Punch             |     1 |     1 |       |       ||     2
Throw: Dart              |     6 |       |    23 |    31 ||    60
       Throwing net      |       |       |       |     1 ||     1
 Cast: Scorch            |    17 |    60 |   191 |   385 ||   653
       Fulminant Prism   |       |       |       |    35 ||    35
       Flame Wave        |       |       |       |     5 ||     5
       Iskenderun's Myst |       |       |       |     1 ||     1
Evoke: Wand              |       |       |     4 |    19 ||    23
       Box of beasts     |       |       |       |     1 ||     1
  Use: Scroll            |       |       |    13 |    15 ||    28
       Potion            |       |       |       |     2 ||     2
 Stab: Sleeping          |     1 |     1 |       |       ||     2
       Distracted        |       |       |     1 |       ||     1
Armor: Skin              |     2 |     2 |     1 |     8 ||    13
Dodge: Dodged            |     9 |    22 |    88 |   220 ||   339
